 Dungeon Crawl Stone Soup version 0.24-a0-218-ga595e75 (webtiles) character file.

Game seed: 3552526024579505649

77 VLARC the Slasher (level 4, 0/24 HPs)
             Began as a Vine Stalker Monk on Mar 30, 2019.
             Slain by a bullfrog (4 damage)
             ... on level 3 of the Dungeon.
             The game lasted 00:02:32 (1725 turns).

VLARC the Slasher (Vine Stalker Monk)               Turns: 1725, Time: 00:02:32

Health: 0/24       AC:  4    Str: 13    XL:     4   Next: 33%
Magic:  0/8        EV: 12    Int: 11    God:
Gold:   49         SH:  0    Dex: 17    Spells: 7/7 levels left

rFire    . . .     SeeInvis .   a - +0 falchion
rCold    . . .     Gourm    .   (no shield)
rNeg     . . .     Faith    .   e - +0 leather armour
rPois    .         Spirit   +   h - +0 helmet
rElec    .         Reflect  .   (no cloak)
rCorr    .         Harm     .   (no gloves)
MR       .....                  (no boots)
Stlth    ++........             (no amulet)
HPRegen  0.48/turn              (no ring)
MPRegen  0.11/turn              (no ring)

@: lethally poisoned (0 -> 0)
A: fangs 2, regeneration 1, magic shield, antimagic bite, no potion heal 3, rot
immunity
a: no special abilities


You were on level 3 of the Dungeon.
You were hungry.

You visited 1 branch of the dungeon, and saw 3 of its levels.

You collected 49 gold pieces.

Inventory:

Hand Weapons
 a - a +0 falchion (weapon)
Armour
 e - a +0 leather armour (worn)
 h - a +0 helmet (worn)
Wands
 k - a wand of flame (10)
Scrolls
 b - a scroll of blinking {unknown}
 d - 3 scrolls of remove curse {unknown}
 i - 2 scrolls of enchant armour {unknown}
Potions
 f - a potion of magic {unknown}
 g - a potion of agility {unknown}
 j - a potion of heal wounds {unknown}
Comestibles
 c - 4 rations


   Skills:
 + Level 3.4 Fighting
 + Level 3.4 Long Blades
 - Level 2.4 Dodging
 - Level 2.4 Stealth
 + Level 2.0 Spellcasting


You had 7 spell levels left.
You didn't know any spells.
Your spell library was empty.

Dungeon Overview and Level Annotations

Branches:
Dungeon (3/15)

Altars:


Innate Abilities, Weirdness & Mutations

You have extremely sharp teeth.
Your natural rate of healing is unusually fast.
When hurt, damage is shared between your health and your magic reserves.
Your bite disrupts and absorbs the magic of your enemies.
Potions cannot restore your health.
You are immune to rotting.


Message History

You closely miss the bullfrog. You bite the bullfrog. You drain its power.
You feel invigorated.
The bullfrog is moderately wounded.
You feel sick. The bullfrog hits you. The bullfrog misses you.
You riposte.
You hit the bullfrog.
You bite the bullfrog, but do no damage.
The bullfrog is severely wounded.
You closely miss the bullfrog.
You bite the bullfrog, but do no damage.
The bullfrog is severely wounded.
The bullfrog barely misses you.
You hit the bullfrog. Your bite misses the bullfrog.
The bullfrog is severely wounded.
You feel sick. The bullfrog closely misses you. The bullfrog hits you!
* * * LOW HITPOINT WARNING * * *
You hit the bullfrog.
You bite the bullfrog, but do no damage.
The bullfrog is almost dead.
The bullfrog hits you.
You die...

#.........#
#.........#
#.........#
#.......).#
#.........######.
#...........)....
#........).#####
#..........#
##########@# #F#
...s..KS.#
.........#
...F.....#
.........#
.........#
#######.## #.#


You could see a bullfrog, a ball python and a kobold.

Vanquished Creatures
  3 adders (D:3)
  A worm (D:3)
  3 giant cockroaches
  8 goblins
  5 hobgoblins
  4 jackals (D:1)
  4 kobolds
  A ball python (D:1)
  4 bats
  5 frilled lizards
  10 rats
48 creatures vanquished.

Notes
Turn   | Place    | Note
-------+----------+-------------------------------------------
     0 | D:1      | VLARC the Vine Stalker Monk began the quest for the Orb.
     0 | D:1      | Reached XP level 1. HP: 11/11 MP: 2/2
   279 | D:1      | Reached XP level 2. HP: 10/16 MP: 1/4
   449 | D:1      | Reached skill level 1 in Spellcasting
   665 | D:1      | Reached XP level 3. HP: 16/20 MP: 5/5
  1650 | D:3      | Gained mutation: Your natural rate of healing is unusually
                  | fast. [Vine Stalker growth]
  1650 | D:3      | Reached XP level 4. HP: 23/24 MP: 5/7
  1712 | D:3      | Noticed a bullfrog
  1725 | D:3      | Slain by a bullfrog

Levels and vault maps discovered:
D:1:      dpeg_arrival_subterranean_lakeside_camping, layout_basic
D:2:      minmay_inner_zag, layout_basic, first_ration, serial_park_tiny_pond
D:3:      minmay_general_purpose_star, layout_basic, kennysheep_cross_bottleneck

Skill      XL: |  1  2  3  4 |
---------------+-------------+-----
Long Blades    | 3 |  3.4
Fighting       | 3 |  3.4
Spellcasting   | 1 2 |  2.0
Dodging        | |  2.4
Stealth        | |  2.4

Action                   |  1- 3 |  4- 6 || total
-------------------------+-------+-------++-------
Melee: Falchion          |    88 |    26 ||   114
       Bite              |    16 |    15 ||    31
 Stab: Sleeping          |     9 |     1 ||    10
  Eat: Chunk             |     2 |       ||     2
Armor: Robe              |     4 |       ||     4
       Leather armour    |    14 |     1 ||    15
Dodge: Dodged            |    51 |    15 ||    66
       Rpst.: Falchion   |    18 |     3 ||    21

Table legend:
 A = Non-vault XP
 B = Vault XP
 C = Vault XP percentage of total XP
 D = Non-vault monster count
 E = Vault monster count
 F = Vault count percentage of total count
                 A         B        C        D         E       F
            +---------+---------+-------+---------+---------+-------
      Total |     102 |       8 |   7.3 |      42 |       6 |  12.5
            +---------+---------+-------+---------+---------+-------
        D:1 |      35 |       8 |  18.6 |      24 |       6 |  20.0
        D:2 |       6 |       0 |   0.0 |       4 |       0 |   0.0
        D:3 |      61 |       0 |   0.0 |      14 |       0 |   0.0
            +---------+---------+-------+---------+---------+-------
